 Dungeon Crawl Stone Soup version 0.31-a0-703-gcfe89afef6 (webtiles) character file.

Game seed: 1108272243827141144

249 cforsyth the Trooper (level 6, -1/49 HPs)
             Began as a Djinni Chaos Knight on Sept 9, 2023.
             Was a Plaything of Xom.
             Splashed by a jelly's acid (2 damage)
             ... on level 4 of the Dungeon.
             The game lasted 00:03:02 (2147 turns).

cforsyth the Trooper (Djinni Chaos Knight)          Turns: 2147, Time: 00:03:03

Health: -1/49      AC: -2    Str: 11    XL:     6   Next: 34%
Gold:   146        EV: 11    Int: 15    God:    Xom [*.....] SH:  0 Dex: 13

rFire   + + .        a - +0 falchion (chaos)
rCold   x . .        (no shield)
rNeg    . . .        b - +2 leather armour
rPois   ∞            (no helmet)
rElec   .            (no cloak)
rCorr   .            (no gloves)
SInv    .            (boots unavailable)
Will    .....        o - amulet of the acrobat
Stlth   +            (no ring)
HPRegen 0.28/turn    (no ring)
MPRegen 0.00/turn

%: acrobat, infuse magic (-2 HP)
@: corroded, flying
A: sickness immunity, fire resistance 2, cold vulnerability 1, float, innate
caster, HP casting, extra vitality 1
a: Renounce Religion


You were on level 4 of the Dungeon.
You worshipped Xom.
You were a special plaything of Xom.
You visited 1 branch of the dungeon, and saw 4 of its levels.

You collected 146 gold pieces.

Inventory:

Hand Weapons
 a - a +0 falchion of chaos (weapon)
Missiles
 f - a throwing net
Armour
 b - a +2 leather armour (worn)
Jewellery
 o - an amulet of the acrobat (around neck)
Scrolls
 c - a scroll of butterflies
 d - a scroll of blinking {unknown}
 g - a scroll of fog {unknown}
 h - 5 scrolls of identify {unknown}
 j - 2 scrolls of enchant armour {unknown}
 k - a scroll of fear {unknown}
 m - a scroll of acquirement {unknown}
 n - a scroll of immolation {unknown}
Potions
 e - 2 potions of curing {unknown}
 i - a potion of degeneration {unknown}
 l - 2 potions of heal wounds {unknown}
 p - a potion of attraction {unknown}


   Skills:
 + Level 5.1 Fighting
 - Level 2.6 Long Blades
 - Level 1.0 Armour
 - Level 2.1 Dodging
 + Level 2.8 Spellcasting
 + Level 2.8 Conjurations
 + Level 2.8 Hexes
   Level 0.0 Charms
 + Level 2.8 Summonings
 + Level 2.8 Necromancy
 + Level 2.8 Translocations
 + Level 2.8 Transmutations
 + Level 2.8 Fire Magic
 + Level 2.8 Ice Magic
 + Level 2.8 Air Magic
 + Level 2.8 Earth Magic
 + Level 2.8 Poison Magic


You knew the following spells:

 Your Spells              Type           Power      Damage    Failure   Level
a - Summon Small Mammal   Summ           40%        N/A       9%          1
b - Static Discharge      Conj/Air       20%        2-3/arc   13%         2
Your spell library was empty.

Dungeon Overview and Level Annotations

Branches:
Dungeon (4/15)
 Temple: D:4-7

Altars:

Shops:
D:3 :


Innate Abilities, Weirdness & Mutations

You are immune to sickness and miasma.
You are immune to poison.
Your flesh is very heat resistant. (rF++)
You are vulnerable to cold. (rC-)
You float through the air rather than walking.
You learn spells naturally, not from books.
Your magical power is your life essence.
You have superior vitality. (+4 MHP)


Message History

The orc hits you with a +0 short sword.
* * * LOW HITPOINT WARNING * * *
You slash the orc!
You feel better.
You kill the orc!
You barely miss the orc. The orc hits you but does no damage.
You barely miss the orc. The orc closely misses you.
You slash the orc!
You kill the orc!
Things that are here:
a +0 flail; a +0 short sword; an orc corpse
There is a stone staircase leading down here.
You fly downwards.
There is a stone staircase leading up here.
A jelly is nearby!
A jelly is nearby!
A jelly is nearby!
The jelly quivers.
The jelly misses you.
You hit the jelly.
Your hands burn!
The jelly is moderately wounded.
The jelly barely misses you.
You are too injured to fight recklessly!
You are too injured to fight recklessly!
You are too injured to fight recklessly!
You are too injured to fight recklessly!
You are too injured to fight recklessly!
You are too injured to fight recklessly!
You are too injured to fight recklessly!
You are too injured to fight recklessly!
You hit the jelly but do no damage. The acid corrodes you!
Your hands burn!
The jelly is moderately wounded.
The jelly hits you.
You are splashed with acid!
* * * LOW HITPOINT WARNING * * *
The jelly hits you.
* * * LOW HITPOINT WARNING * * *
The acid corrodes you!
You are splashed with acid!
* * * LOW HITPOINT WARNING * * *
You hit the jelly. You burn the jelly.
Your hands burn!
You die...
Xom bursts into laughter!

#..............[.......#
......#.......#........#
.....##.......#........#
#....$..#........#
#.......#....÷...#
#......$#....<..>#
#..##...#........# #[#
###..........#
#...@......#
##.J######## #..# #..
####..######
#..........#
#..........#
#.)........#
#..........#


You could see a jelly.

Vanquished Creatures
  A hound (D:4)
  An orc priest (D:4)
  2 sleepcaps
  5 adders
  A worm (D:2)
  3 dart slugs
  5 orcs
  9 ball pythons
  5 endoplasms
  A giant cockroach (D:2)
  6 goblins
  5 hobgoblins
  10 jackals
  9 kobolds
  A quokka (D:2)
  4 bats
  2 frilled lizards
  2 rats
72 creatures vanquished.

Vanquished Creatures (others)
  A hobgoblin zombie (D:1)
1 creature vanquished.

Grand Total: 73 creatures vanquished

Notes
Turn   | Place    | Note
-------+----------+-------------------------------------------
     0 | D:1      | cforsyth the Djinni Chaos Knight began the quest for the
                  | Orb.
     0 | D:1      | Reached XP level 1. HP: 20/20 MP: 0/0
    78 | D:1      | Reached XP level 2. HP: 19/25 MP: 0/0
   137 | D:1      | Reached skill level 1 in Spellcasting
   137 | D:1      | Reached skill level 1 in Conjurations
   137 | D:1      | Reached skill level 1 in Hexes
   137 | D:1      | Reached skill level 1 in Summonings
   137 | D:1      | Reached skill level 1 in Necromancy
   137 | D:1      | Reached skill level 1 in Translocations
   137 | D:1      | Reached skill level 1 in Transmutations
   137 | D:1      | Reached skill level 1 in Fire Magic
   137 | D:1      | Reached skill level 1 in Ice Magic
   137 | D:1      | Reached skill level 1 in Air Magic
   137 | D:1      | Reached skill level 1 in Earth Magic
   137 | D:1      | Reached skill level 1 in Poison Magic
   296 | D:1      | XOM: smoke on damage
   297 | D:1      | Reached XP level 3. HP: 29/30 MP: 0/0
   297 | D:1      | Learned a level 1 spell: Summon Small Mammal
   394 | D:1      | XOM: silly message
   490 | D:1      | XOM: divination: detect creatures
   495 | D:1      | XOM: divination: magic mapping
   623 | D:2      | XOM: silly message
   680 | D:2      | Reached XP level 4. HP: 34/37 MP: 0/0
   710 | D:2      | Reached skill level 4 in Fighting
   999 | D:2      | Reached XP level 5. HP: 40/41 MP: 0/0
   999 | D:2      | Learned a level 2 spell: Static Discharge
  1099 | D:3      | XOM: stealth player
  1319 | D:3      | Found Doga's Book Shoppe.
  1535 | D:3      | XOM: scenery: 1 fountains blood, 3 doors open
  1815 | D:3      | XOM: cloud trail
  1895 | D:4      | XOM: silly message
  1901 | D:4      | Reached XP level 6. HP: 39/49 MP: 0/0
  2091 | D:4      | Reached skill level 5 in Fighting
  2146 | D:4      | HP: 1/49 [acid (10)]
  2147 | D:4      | Splashed by a jelly's acid

Illustrated notes

Levels and vault maps discovered:
D:1:      grunt_arrival_lava_bath, layout_basic, dreamdust_mushroom_princess
D:2:      minmay_angry_zag, layout_basic
D:3:      layout_rooms, serial_shops, nicolae_shop_back_alley_shop,
          grunt_decor_mini_mirrors, nicolae_concentric_dashed_squares_mild,
          minmay_misc_feat_x, kennysheep_cluttered_room, minmay_liquid_box
D:4:      layout_rooms, lemuel_tele_altar, uniq_menkaure, uniq_sigmund

Skill      XL: |  1  2  3  4  5  6 |
---------------+-------------------+-----
Spellcasting   | 1 2 |  2.8
Conjurations   | 1 2 |  2.8
Hexes          | 1 2 |  2.8
Summonings     | 1 2 |  2.8
Necromancy     | 1 2 |  2.8
Translocations | 1 2 |  2.8
Transmutations | 1 2 |  2.8
Fire Magic     | 1 2 |  2.8
Ice Magic      | 1 2 |  2.8
Air Magic      | 1 2 |  2.8
Earth Magic    | 1 2 |  2.8
Poison Magic   | 1 2 |  2.8
Fighting       | 4 5 |  5.1
Long Blades    | |  2.6
Armour         | |  1.0
Dodging        | |  2.1

Action                     |  1- 3 |  4- 6 || total
---------------------------+-------+-------++-------
  Melee: Falchion          |    86 |   168 ||   254
   Stab: Paralysed         |       |     2 ||     2
         Petrified         |       |     4 ||     4
         Petrifying        |       |     1 ||     1
 Armour: Leather armour    |    45 |   123 ||   168
  Dodge: Dodged            |    63 |   136 ||   199

Table legend: (Time is in decaauts)
 A = Elapsed time spent in this place.
 B = Non-inter-level travel time spent in this place.
 C = Inter-level travel time spent in this place.
 D = Time resting spent in this place.
 E = Time spent auto-exploring this place.
 F = Levels seen in this place.
 G = Mean time per level.
                   A        B        C        D        E       F      G
               +--------+--------+--------+--------+--------+-----+--------+
         Total |   2193 |   2127 |     66 |     77 |   1430 |   4 |  548.2 |
       Dungeon |   2193 |   2127 |     66 |     77 |   1430 |   4 |  548.2 |
               +--------+--------+--------+--------+--------+-----+--------+

Top non-repeatable levels by time:
     D:3: 874 daAuts
     D:2: 603 daAuts
     D:1: 521 daAuts
     D:4: 193 daAuts
